AoeStats
← JaggedJimmyJay

MegaRandom

506338863Analyzed
1v1 RM · 20d ago on Sep 13, 2026· 21m 53s· 2 players
Game mode
Random Map
Map size
Tiny (2 player)
Population
200
Speed
Normal
Resources
Standard
Victory
Conquest
Starting age
Dark Age
Ending age
Imperial Age
RankedLock teamsTeams togetherTeam positionsShared explorationLock speedFull tech treeHidden civsTurbo modeCheats
Victory
Defeat
🇳🇴 Britons · Norway
1059
+16
🇺🇸 Japanese · United States
1049
-16
JaggedJimmyJay
3:48 Loom
10:16 Feudal Age
10:23 Man-at-Arms
10:50 Arson
11:20 Double-Bit Axe
20:54 Fletching
UberDosen
0:40 Loom
11:28 Feudal Age
12:15 Double-Bit Axe
16:18 Fletching
21:44 Castle Age
20:25 Stone Mining
21:31 Gold Mining
Connection lost

Rejoining the realm…

Still unreachable

The connection could not be restored.

Session expired

The server has moved on; the page needs a fresh start.